 Dungeon Crawl Stone Soup version 0.20-a0-446-g9649680 (webtiles) character file.

576 Kriby the Magician (level 7, -3/46 HPs)
             Began as a Mummy Fire Elementalist on Jan 7, 2017.
             Slain by a gnoll
             ... wielding a +0 flail
              (13 damage)
             ... on level 3 of the Dungeon.
             The game lasted 00:05:03 (4935 turns).

Kriby the Magician (Mummy Fire Elementalist)        Turns: 4935, Time: 00:05:04

Health: -3/46      AC:  2    Str: 11    XL:     7   Next: 12%
Magic:  0/16       EV: 12    Int: 17    God:
Gold:   205        SH:  0    Dex: 12    Spells: 9/19 levels left

rFire  x . .     SeeInvis .     m - +3 short sword
rCold  + . .     Gourm    .     a - +0 robe
rNeg   + + +     Faith    .     (no shield)
rPois  ∞         Spirit   .     (no helmet)
rElec  .         Reflect  .     (no cloak)
rCorr  .         Harm     .     (no gloves)
MR     .....                    (no boots)
Stlth  ++........               k - amulet of regeneration
                                (no ring)
                                (no ring)

@: no status effects
A: no food or potions, fire vulnerability, cold resistance 1, negative energy
resistance 3, torment resistance, unbreathing
a: no special abilities


You were on level 3 of the Dungeon.
You were not hungry.

You visited 1 branch of the dungeon, and saw 3 of its levels.

You collected 205 gold pieces.

Inventory:

Hand Weapons
 m - a +3 short sword (weapon)
Armour
 a - a +0 robe (worn)
Jewellery
 k - an amulet of regeneration (around neck)
Scrolls
 c - 2 scrolls of remove curse {unknown}
 d - 4 scrolls of identify {unknown}
 e - a scroll of teleportation {unknown}
 g - a scroll of recharging {unknown}
 h - 2 scrolls of fear {unknown}
 i - a scroll of random uselessness {unknown}
 j - 2 scrolls of enchant armour {unknown}
 l - a scroll of immolation {unknown}
Books
 b - a book of Flames

   Spells                             Type                      Level
   a - Flame Tongue                   Conjuration/Fire             1
   b - Throw Flame                    Conjuration/Fire             2
   c - Conjure Flame                  Conjuration/Fire             3
   d - Inner Flame                    Hexes/Fire                   3
   e - Sticky Flame                   Conjuration/Fire             4
   f - Fireball                       Conjuration/Fire             5


   Skills:
 - Level 1.5 Dodging
 - Level 1.5 Stealth
 * Level 6.5 Spellcasting
 * Level 3.7 Conjurations
 + Level 3.8 Fire Magic


You had 9 spell levels left.
You knew the following spells:

 Your Spells              Type           Power        Failure   Level  Hunger
a - Flame Tongue          Conj/Fire      ###..        2%          1    N/A
b - Conjure Flame         Conj/Fire      ###.....     10%         3    N/A
c - Sticky Flame          Conj/Fire      ###.....     30%         4    N/A
d - Throw Flame           Conj/Fire      ###...       4%          2    N/A

Dungeon Overview and Level Annotations

Branches:
Dungeon (3/15)

Altars:
Qazlal


Innate Abilities, Weirdness & Mutations

You do not eat or drink.
Your flesh is vulnerable to fire.
You are immune to poison.
Your flesh is cold resistant. (rC+)
You are immune to negative energy. (rN+++)
You are immune to unholy pain and torment.
You can survive without breathing.


Message History

The gnoll hits you with a flail!
Your magical contamination has completely faded away.
You closely miss the gnoll.
The gnoll is lightly wounded.
You hit the gnoll.
The gnoll is moderately wounded.
The gnoll hits you with a flail!
* * * LOW HITPOINT WARNING * * *
Casting: Flame Tongue
Confirm with . or Enter, or press ? or * to list all spells.
Aiming: Flame Tongue
Press: ? - help, Shift-Dir - straight line, f/p - gnoll
Aim: a gnoll, wielding a flail (moderately wounded)
The flame tongue hits the gnoll.
The gnoll is almost dead.
The gnoll barely misses you.
You hit the gnoll but do no damage.
The gnoll is almost dead.
The gnoll hits you with a flail!
You die...

# #........########.. #
#........# #....... # #........#
#)#####. # ########## #.# #. #
##########.# #. # #..........# #.
# #..........#####.
#######................
#...gg@.........†......
#.######............... #.#
#............... #g#
#............... #.#
#............... #.#
#.......#.......
###########.######........#######
...............([................
..........(((..(.................


You could see a gnoll and a hobgoblin.

Vanquished Creatures
  5 big kobolds (D:3)
  A gnoll (D:3)
  12 adders
  3 worms
  3 leopard geckos
  2 giant cockroaches (D:1)
  7 goblins
  12 hobgoblins
  8 jackals
  2 ball pythons
  5 bats
  3 frilled lizards
  33 kobolds
  9 rats
105 creatures vanquished.

Notes
Turn   | Place    | Note
-------+----------+-------------------------------------------
     0 | D:1      | Kriby the Mummy Fire Elementalist began the quest for the Orb.
     0 | D:1      | Reached XP level 1. HP: 13/13 MP: 4/4
   142 | D:1      | Reached skill level 1 in Conjurations
   407 | D:1      | Reached skill level 3 in Spellcasting
   407 | D:1      | Reached XP level 2. HP: 18/19 MP: 4/6
  1190 | D:1      | Reached XP level 3. HP: 24/24 MP: 0/8
  1802 | D:2      | Reached skill level 4 in Spellcasting
  1802 | D:2      | Reached XP level 4. HP: 15/30 MP: 0/10
  3028 | D:2      | Learned a level 3 spell: Conjure Flame
  3033 | D:2      | Learned a level 4 spell: Sticky Flame
  3036 | D:2      | Learned a level 2 spell: Throw Flame
  3209 | D:3      | Reached XP level 5. HP: 35/35 MP: 9/12
  3763 | D:3      | Found a stormy altar of Qazlal.
  3773 | D:3      | Reached skill level 5 in Spellcasting
  4503 | D:3      | Reached XP level 6. HP: 39/41 MP: 9/14
  4724 | D:3      | Reached skill level 6 in Spellcasting
  4922 | D:3      | Reached XP level 7. HP: 23/46 MP: 1/16
  4935 | D:3      | Slain by a gnoll

Vault maps used:
D:1:      kilobyte_arrival_exit_the_forest
D:3:      minmay_goblin_kobold_castle, grunt_qazlal_clouds

Skill      XL: |  1  2  3  4  5  6 |
---------------+-------------------+-----
Conjurations   | 1 2 3 |  3.7
Spellcasting   | 3 4 5 6 |  6.5
Fire Magic     | 3 |  3.8
Dodging        | |  1.5
Stealth        | |  1.5

Action                   |  1- 3 |  4- 6 |  7- 9 || total
-------------------------+-------+-------+-------++-------
Melee: Unarmed           |     4 |       |       ||     4
       Short sword       |    10 |    18 |     4 ||    32
 Cast: Flame Tongue      |    64 |   153 |     3 ||   220
Armor: Robe              |     9 |    12 |       ||    21
Dodge: Dodged            |    34 |    77 |     2 ||   113
